| TOP OF THE 1ST |
|
Syracuse Chiefs batting - Pitching for Memphis Redbirds : LHP Justin Harris
|
|
Pitching: LHP Justin Harris
|
|
|
Batting: RHB Ke-yue Hong
|
0-0: Called Strike 0-1: Ball 1-1: Ground out 6-3 (Groundball, 6, EV 88.8 MPH)
|
|
Batting: LHB Sidney Pedder
|
0-0: Called Strike 0-1: Foul Ball, location: 2F 0-2: Strikes out swinging
|
|
Batting: LHB Dillon Gonzalez
|
0-0: Ground out 5-3 (Groundball, 56, EV 105.6 MPH)
|
| Top of the 1st over - 0 runs, 0 hits, 0 errors, 0 left on base; Syracuse 0 - Memphis 0 |
| BOTTOM OF THE 1ST |
|
Memphis Redbirds batting - Pitching for Syracuse Chiefs : LHP Brian Walters
|
|
Pitching: LHP Brian Walters
|
|
|
Batting: RHB Nick Gentzel
|
0-0: Ball 1-0: Foul Ball, location: 2F 1-1: SINGLE (Flyball, 78S, EV 93.1 MPH)
|
|
Batting: RHB Tony Mendez
|
0-0: Grounds into double play, 6-4-3 (Groundball, 6, EV 85.0 MPH)
|
|
Batting: RHB Eric Chotkowski
|
0-0: Called Strike 0-1: Ball 1-1: Foul Ball, location: 2F 1-2: Ball 2-2: SINGLE (Groundball, P, EV 83.1 MPH) (infield hit)
|
|
Batting: RHB Nick Getz
|
0-0: Ball 1-0: Foul Ball, location: 2F 1-1: Ball 2-1: Foul Ball, location: 2F 2-2: Foul Ball, location: 2F 2-2: Fly out, F8 (Flyball, 8RXD, EV 94.4 MPH)
|
| Bottom of the 1st over - 0 runs, 2 hits, 0 errors, 1 left on base; Syracuse 0 - Memphis 0 |
| TOP OF THE 2ND |
|
Syracuse Chiefs batting - Pitching for Memphis Redbirds : LHP Justin Harris
|
|
Batting: SHB Alex Ethridge
|
0-0: SINGLE (Groundball, 6D, EV 110.0 MPH)
|
|
Batting: RHB Donovan Auclair
|
0-0: Ball 1-0: Foul Ball, location: 2F 1-1: Ball 2-1: Grounds into double play, 6-4-3 (Groundball, 6, EV 85.0 MPH)
|
|
Batting: RHB Ben Welt
|
0-0: Ball 1-0: Called Strike 1-1: Foul Ball, location: 2F 1-2: Strikes out swinging
|
| Top of the 2nd over - 0 runs, 1 hit, 0 errors, 0 left on base; Syracuse 0 - Memphis 0 |
| BOTTOM OF THE 2ND |
|
Memphis Redbirds batting - Pitching for Syracuse Chiefs : LHP Brian Walters
|
|
Batting: RHB Colin Boddy
|
0-0: Ball 1-0: Foul Ball, location: 2F 1-1: Foul Ball, location: 2F 1-2: Strikes out swinging
|
|
Batting: LHB Jesus Ramirez
|
0-0: Called Strike 0-1: Swinging Strike 0-2: Foul Ball, location: 2F 0-2: Strikes out swinging
|
|
Batting: LHB Tim Olsen
|
0-0: Called Strike 0-1: Called Strike 0-2: Foul Ball, location: 2F 0-2: Foul Ball, location: 2F 0-2: Foul Ball, location: 2F 0-2: Ball 1-2: DOUBLE (Line Drive, 89XD, EV 110.0 MPH)
|
|
Batting: LHB Mark Buchholz
|
0-0: Ball 1-0: Foul Ball, location: 2F 1-1: Fly out, F9 (Line Drive, 9, EV 94.4 MPH)
|
| Bottom of the 2nd over - 0 runs, 1 hit, 0 errors, 1 left on base; Syracuse 0 - Memphis 0 |
| TOP OF THE 3RD |
|
Syracuse Chiefs batting - Pitching for Memphis Redbirds : LHP Justin Harris
|
|
Batting: RHB Ryota Tenno
|
0-0: Ball 1-0: Ball 2-0: Called Strike 2-1: Ground out 5-3 (Groundball, 56, EV 102.5 MPH)
|
|
Batting: RHB Rene Montoya
|
0-0: Swinging Strike 0-1: Foul Ball, location: 2F 0-2: Strikes out looking
|
|
Batting: LHB Dana McDonald
|
0-0: Ball 1-0: Fly out, F4 (Popup, 4, EV 59.4 MPH)
|
| Top of the 3rd over - 0 runs, 0 hits, 0 errors, 0 left on base; Syracuse 0 - Memphis 0 |
| BOTTOM OF THE 3RD |
|
Memphis Redbirds batting - Pitching for Syracuse Chiefs : LHP Brian Walters
|
|
Batting: RHB Armando Estrada
|
0-0: Swinging Strike 0-1: Foul Ball, location: 2F 0-2: Ball 1-2: SINGLE (Groundball, 4MD, EV 98.1 MPH)
|
|
Batting: RHB Nick Gentzel
|
0-0: Ball Armando Estrada is caught stealing 2nd base 2-4 1-0: Ball 2-0: Called Strike 2-1: Ball 3-1: Reached on error, E8 (Flyball, 8RM, EV 93.1 MPH)
|
|
Batting: RHB Tony Mendez
|
0-0: Ball 1-0: Ball 2-0: Called Strike 2-1: Foul Ball, location: 2F 2-2: Grounds into double play, 6-4-3 (Groundball, 6, EV 86.9 MPH)
|
| Bottom of the 3rd over - 0 runs, 1 hit, 1 error, 0 left on base; Syracuse 0 - Memphis 0 |
| TOP OF THE 4TH |
|
Syracuse Chiefs batting - Pitching for Memphis Redbirds : LHP Justin Harris
|
|
Batting: RHB Ke-yue Hong
|
0-0: Foul Ball, location: 2F 0-1: Ball 1-1: Ball 2-1: Foul Ball, location: 2F 2-2: Strikes out swinging
|
|
Batting: LHB Sidney Pedder
|
0-0: Called Strike 0-1: Ball 1-1: Ball 2-1: Swinging Strike 2-2: Foul Ball, location: 2F 2-2: Fly out, F8 (Flyball, 8LD, EV 91.2 MPH)
|
|
Batting: LHB Dillon Gonzalez
|
0-0: Ball 1-0: Called Strike 1-1: Fly out, F9 (Line Drive, 89M, EV 96.9 MPH)
|
| Top of the 4th over - 0 runs, 0 hits, 0 errors, 0 left on base; Syracuse 0 - Memphis 0 |
| BOTTOM OF THE 4TH |
|
Memphis Redbirds batting - Pitching for Syracuse Chiefs : LHP Brian Walters
|
|
Batting: RHB Eric Chotkowski
|
0-0: Called Strike 0-1: Ball 1-1: Ball 2-1: Ball 3-1: Fly out, F8 (Flyball, 89D, EV 103.8 MPH)
|
|
Batting: RHB Nick Getz
|
0-0: Called Strike 0-1: Called Strike 0-2: Strikes out swinging
|
|
Batting: RHB Colin Boddy
|
0-0: Called Strike 0-1: Ball 1-1: Ball 2-1: Swinging Strike 2-2: Foul Ball, location: 2F 2-2: Ball 3-2: Strikes out looking
|
| Bottom of the 4th over - 0 runs, 0 hits, 0 errors, 0 left on base; Syracuse 0 - Memphis 0 |
| TOP OF THE 5TH |
|
Syracuse Chiefs batting - Pitching for Memphis Redbirds : LHP Justin Harris
|
|
Batting: SHB Alex Ethridge
|
0-0: Called Strike 0-1: Ball 1-1: DOUBLE (Groundball, 5L, EV 104.4 MPH)
|
|
Batting: RHB Donovan Auclair
|
0-0: Swinging Strike 0-1: Swinging Strike 0-2: Foul Ball, location: 2F 0-2: Strikes out looking
|
|
Batting: RHB Ben Welt
|
0-0: Called Strike 0-1: Swinging Strike 0-2: Foul Ball, location: 2F 0-2: Strikes out swinging, 2-3 out at first.
|
|
Batting: RHB Ryota Tenno
|
0-0: Called Strike 0-1: Ball 1-1: Called Strike 1-2: Foul Ball, location: 2F 1-2: Foul Ball, location: 2F 1-2: Ball 2-2: Ball 3-2: Foul Ball, location: 2F 3-2: Strikes out swinging
|
| Top of the 5th over - 0 runs, 1 hit, 0 errors, 1 left on base; Syracuse 0 - Memphis 0 |
| BOTTOM OF THE 5TH |
|
Memphis Redbirds batting - Pitching for Syracuse Chiefs : LHP Brian Walters
|
|
Batting: LHB Jesus Ramirez
|
0-0: Ball 1-0: SINGLE (Groundball, 5D, EV 104.4 MPH)
|
|
Batting: LHB Tim Olsen
|
0-0: Ball 1-0: Ball 2-0: Ball 3-0: Base on Balls Jesus Ramirez to second
|
|
Batting: LHB Mark Buchholz
|
0-0: Ball 1-0: Called Strike 1-1: Fielders Choice at 2nd, 6-4 (Groundball, 6M, EV 88.8 MPH) Jesus Ramirez to third
|
|
Batting: RHB Armando Estrada
|
0-0: Foul Ball, location: 2F 0-1: Called Strike 0-2: Ball 1-2: Ball 2-2: Ball 3-2: Base on Balls Mark Buchholz to second
|
|
Batting: RHB Nick Gentzel
|
0-0: Foul Ball, location: 2F 0-1: Called Strike 0-2: Ball 1-2: Strikes out swinging
|
|
Batting: RHB Tony Mendez
|
0-0: Called Strike 0-1: Fly out, F9 (Flyball, 9LS, EV 95.6 MPH)
|
| Bottom of the 5th over - 0 runs, 1 hit, 0 errors, 3 left on base; Syracuse 0 - Memphis 0 |
| TOP OF THE 6TH |
|
Syracuse Chiefs batting - Pitching for Memphis Redbirds : LHP Justin Harris
|
|
Batting: RHB Rene Montoya
|
0-0: Swinging Strike 0-1: Called Strike 0-2: Strikes out swinging
|
|
Batting: LHB Dana McDonald
|
0-0: Ball 1-0: Foul Ball, location: 2F 1-1: Ground out 1-3 (Groundball, 13S, EV 76.2 MPH)
|
|
Batting: RHB Ke-yue Hong
|
0-0: Ball 1-0: Called Strike 1-1: Foul Ball, location: 2F 1-2: Strikes out swinging
|
| Top of the 6th over - 0 runs, 0 hits, 0 errors, 0 left on base; Syracuse 0 - Memphis 0 |
| BOTTOM OF THE 6TH |
|
Memphis Redbirds batting - Pitching for Syracuse Chiefs : LHP Brian Walters
|
|
Batting: RHB Eric Chotkowski
|
0-0: Called Strike 0-1: Ground out 4-3 (Groundball, 4S, EV 73.1 MPH)
|
|
Batting: RHB Nick Getz
|
0-0: Ball 1-0: Swinging Strike 1-1: Ball 2-1: Foul Ball, location: 2F 2-2: Ball 3-2: Strikes out swinging
|
|
Batting: RHB Colin Boddy
|
0-0: Foul Ball, location: 2F 0-1: Ball 1-1: Fly out, F9 (Flyball, 9, EV 93.8 MPH)
|
| Bottom of the 6th over - 0 runs, 0 hits, 0 errors, 0 left on base; Syracuse 0 - Memphis 0 |
| TOP OF THE 7TH |
|
Syracuse Chiefs batting - Pitching for Memphis Redbirds : LHP Justin Harris
|
|
Batting: LHB Sidney Pedder
|
0-0: Ball 1-0: Swinging Strike 1-1: Ball 2-1: Foul Ball, location: 2F 2-2: Ball 3-2: Base on Balls
|
|
Batting: LHB Dillon Gonzalez
|
0-0: Called Strike 0-1: Swinging Strike 0-2: Ball 1-2: Strikes out swinging
|
|
Batting: SHB Alex Ethridge
|
0-0: Called Strike 0-1: Foul Ball, location: 2F 0-2: DOUBLE (Flyball, 78D, EV 86.9 MPH) Sidney Pedder to third Sidney Pedder scores
|
|
Batting: RHB Donovan Auclair
|
0-0: Foul Ball, location: 2F 0-1: Ground out 3-1 (Groundball, 34, EV 100.0 MPH) Alex Ethridge to third
|
|
Batting: RHB Ben Welt
|
0-0: Foul Ball, location: 2F 0-1: Ball 1-1: Foul Ball, location: 2F 1-2: Fly out, F8 (Flyball, 8LXD, EV 98.8 MPH)
|
| Top of the 7th over - 1 run, 1 hit, 0 errors, 1 left on base; Syracuse 1 - Memphis 0 |
| BOTTOM OF THE 7TH |
|
Memphis Redbirds batting - Pitching for Syracuse Chiefs : LHP Brian Walters
|
|
Now at 1B: Niek de Haan
|
|
|
Batting: LHB Jesus Ramirez
|
0-0: Ball 1-0: Called Strike 1-1: Foul Ball, location: 2F 1-2: Foul Ball, location: 2F 1-2: Foul Ball, location: 2F 1-2: Strikes out swinging
|
|
Pitching: RHP Danny Newbegin
|
|
|
Batting: LHB Tim Olsen
|
0-0: Ground out 4-3 (Groundball, 4, EV 101.2 MPH)
|
|
Batting: LHB Mark Buchholz
|
0-0: Called Strike 0-1: Swinging Strike 0-2: Strikes out swinging
|
| Bottom of the 7th over - 0 runs, 0 hits, 0 errors, 0 left on base; Syracuse 1 - Memphis 0 |
| TOP OF THE 8TH |
|
Syracuse Chiefs batting - Pitching for Memphis Redbirds : LHP Justin Harris
|
|
Batting: RHB Ryota Tenno
|
0-0: Called Strike 0-1: Foul Ball, location: 2F 0-2: Ball 1-2: Foul Ball, location: 2F 1-2: Strikes out swinging
|
|
Batting: RHB Rene Montoya
|
0-0: Ball 1-0: Swinging Strike 1-1: Foul Ball, location: 2F 1-2: Ball 2-2: Ground out 4-3 (Groundball, 4S, EV 79.4 MPH)
|
|
Batting: LHB Dana McDonald
|
0-0: Called Strike 0-1: Ground out 5-3 (Groundball, 56S, EV 67.5 MPH)
|
| Top of the 8th over - 0 runs, 0 hits, 0 errors, 0 left on base; Syracuse 1 - Memphis 0 |
| BOTTOM OF THE 8TH |
|
Memphis Redbirds batting - Pitching for Syracuse Chiefs : RHP Danny Newbegin
|
|
Batting: RHB Armando Estrada
|
0-0: Ball 1-0: Ball 2-0: Foul Ball, location: 2F 2-1: Ball 3-1: SINGLE (Groundball, 5S, EV 68.8 MPH) (infield hit)
|
|
Batting: RHB Nick Gentzel
|
0-0: Ball 1-0: Ball 2-0: Swinging Strike 2-1: Grounds into double play, 1-4-3 (Groundball, 15, EV 63.1 MPH)
|
|
Batting: RHB Tony Mendez
|
0-0: Ball 1-0: DOUBLE (Flyball, 78XD, EV 98.8 MPH)
|
|
Pinch Hitting: LHB Tom Butterbaugh
|
0-0: Called Strike 0-1: Ball 1-1: Ball 2-1: Ball 3-1: Base on Balls
|
|
Batting: RHB Nick Getz
|
0-0: Called Strike 0-1: Ball 1-1: Fly out, F8 (Line Drive, 8LM, EV 99.4 MPH)
|
| Bottom of the 8th over - 0 runs, 2 hits, 0 errors, 2 left on base; Syracuse 1 - Memphis 0 |
| TOP OF THE 9TH |
|
Syracuse Chiefs batting - Pitching for Memphis Redbirds : LHP Justin Harris
|
|
Now at 2B: Tom Butterbaugh
|
|
|
Batting: RHB Ke-yue Hong
|
0-0: Ball 1-0: Foul Ball, location: 2F 1-1: Ball 2-1: Foul Ball, location: 2F 2-2: Strikes out swinging
|
|
Batting: LHB Sidney Pedder
|
0-0: Called Strike 0-1: Ball 1-1: Ball 2-1: Ball 3-1: Foul Ball, location: 2F 3-2: Ground out 3-1 (Groundball, 34, EV 80.6 MPH)
|
|
Batting: LHB Dillon Gonzalez
|
0-0: Swinging Strike 0-1: Ball 1-1: Ball 2-1: Ball 3-1: Foul Ball, location: 2F 3-2: SINGLE (Line Drive, 7S, EV 99.4 MPH)
|
|
Pitching: RHP Alex Schmitz
|
|
|
Batting: RHB Niek de Haan
|
0-0: Called Strike Dillon Gonzalez steals 2nd base 0-1: Ball 1-1: Ball 2-1: Called Strike 2-2: Ball 3-2: Foul Ball, location: 2F 3-2: Ground out 6-3 (Groundball, 6MD, EV 102.5 MPH)
|
| Top of the 9th over - 0 runs, 1 hit, 0 errors, 1 left on base; Syracuse 1 - Memphis 0 |
| BOTTOM OF THE 9TH |
|
Memphis Redbirds batting - Pitching for Syracuse Chiefs : RHP Danny Newbegin
|
|
Batting: RHB Colin Boddy
|
0-0: Called Strike 0-1: Ground out 6-3 (Groundball, 6, EV 86.2 MPH)
|
|
Batting: LHB Jesus Ramirez
|
0-0: SINGLE (Groundball, 34D, EV 103.1 MPH)
|
|
Batting: LHB Tim Olsen
|
0-0: Foul Ball, location: 2F 0-1: Ball 1-1: 2-RUN HOME RUN (Flyball, 89XD, EV 99.4 MPH), Distance : 407 ft
|
| Bottom of the 9th over - 2 runs, 2 hits, 0 errors, 0 left on base; Syracuse 1 - Memphis 2 |
| |
|
Game Over ... Memphis defeats Syracuse, 2 to 1
|
|
|